AoeStats
← Joseka

Arena

507783918Analyzed
4v4 RM · 13d ago on Sep 19, 2026· 62m 24s· 8 players
Game mode
Random Map
Map size
Large (8 player)
Population
200
Speed
Normal
Resources
Standard
Victory
Conquest
Starting age
Dark Age
Ending age
Imperial Age
RankedLock teamsTeams togetherTeam positionsShared explorationLock speedFull tech treeHidden civsTurbo modeCheats
Victory
Defeat
🇹🇷 Huns · Türkiye
982
+13
🇧🇪 Bengalis · Belgium
941
+15
🇬🇧 Poles · United Kingdom
906
+17
🇹🇷 Spanish · Türkiye
900
+17
🇵🇪 Shu · Peru
975
-18
🇧🇷 Spanish · Brazil
910
-15
🇺🇸 Teutons · United States
903
-15
🇷🇺 Bohemians · Russia
894
-14
EyesOfWar
10:40 Feudal Age
10:25 Loom
15:39 Castle Age
14:18 Double-Bit Axe
17:40 Town Watch
19:36 Bloodlines
20:06 Squires
21:15 Horse Collar
23:30 Stone Mining
24:17 Pikeman
29:00 Wheelbarrow
29:16 Scale Mail Armor
30:19 Fletching
30:31 Padded Archer Armor
30:41 Forging
34:06 Imperial Age
32:38 Scale Barding Armor
32:29 Bodkin Arrow
33:02 Bow Saw
32:54 Heavy Plow
33:40 Chain Barding Armor
33:36 Leather Archer Armor
33:55 Ballistics
34:34 Siege Elephant
35:04 Halberdier
36:40 Conscription
36:48 Paiks
37:38 Husbandry
40:24 Plate Barding Armor
40:56 Iron Casting
40:22 Bracer
40:25 Gold Mining
42:53 Elite Ratha (Ranged)
45:27 Blast Furnace
48:05 Elite Battle Elephant
49:05 Chain Mail Armor
49:20 Ring Archer Armor
49:33 Gold Shaft Mining
51:39 Light Cavalry
52:57 Arson
52:58 Gambesons
56:49 Coinage
56:31 Guilds
56:22 Caravan
61:56 Two-Man Saw
61:27 Crop Rotation
Crimson_Tide
10:18 Feudal Age
9:14 Loom
11:38 Wheelbarrow
10:50 Double-Bit Axe
16:36 Castle Age
14:56 Stone Mining
14:49 Horse Collar
16:53 Gold Mining
24:26 Heavy Plow
26:01 Hand Cart
30:28 Imperial Age
29:01 Marauders
29:17 Forging
29:13 Scale Barding Armor
30:23 Town Watch
31:35 Conscription
31:42 Ballistics
32:00 Iron Casting
31:46 Chain Barding Armor
31:58 Bow Saw
33:04 Chemistry
32:13 Husbandry
34:30 Blast Furnace
33:50 Bloodlines
34:09 Atheism
35:25 Pikeman
36:06 Squires
36:47 Murder Holes
37:02 Masonry
37:36 Arson
38:05 Halberdier
53:43 Elite Skirmisher
57:38 Thumb Ring
59:59 Fletching
60:13 Padded Archer Armor
61:10 Bodkin Arrow
62:41 Bracer
62:42 Scale Mail Armor
wascue
0:37 Loom
11:15 Feudal Age
12:27 Horse Collar
12:33 Double-Bit Axe
13:24 Wheelbarrow
19:39 Castle Age
17:35 Gold Mining
18:05 Stone Mining
20:56 Bow Saw
21:36 Heavy Plow
23:37 Hand Cart
25:25 Ballistics
25:19 Fortified Wall
25:47 Fortified Wall
28:55 Scale Barding Armor
29:01 Forging
29:28 Stone Shaft Mining
30:03 Chain Barding Armor
33:37 Imperial Age
32:29 Bloodlines
32:20 Husbandry
33:08 Iron Casting
32:54 Husbandry
33:24 Light Cavalry
35:20 Chemistry
34:16 Murder Holes
34:31 Masonry
34:16 Pikeman
34:56 Squires
34:42 Arson
34:44 Gambesons
35:21 Conscription
35:04 Scale Mail Armor
34:52 Town Watch
34:49 Elite Conquistador
36:00 Chain Mail Armor
36:57 Two-Man Saw
35:47 Halberdier
36:49 Town Patrol
37:53 Plate Mail Armor
39:18 Blast Furnace
39:12 Plate Barding Armor
42:06 Fletching
42:16 Padded Archer Armor
43:28 Cavalier
44:48 Paladin
46:15 Bodkin Arrow
46:35 Leather Archer Armor
47:57 Bracer
48:27 Ring Archer Armor
51:40 Hussar
Asturon
10:21 Feudal Age
11:33 Double-Bit Axe
11:31 Horse Collar
11:46 Stone Mining
18:18 Castle Age
19:13 Heavy Plow
19:26 Bow Saw
19:20 Gold Mining
23:40 Wheelbarrow
28:02 Imperial Age
26:27 Loom
27:00 Squires
28:06 Forging
28:01 Scale Barding Armor
28:00 Scale Mail Armor
29:27 Crop Rotation
29:42 Szlachta Privileges
30:24 Iron Casting
30:33 Conscription
30:53 Husbandry
31:04 Bloodlines
31:22 Chain Barding Armor
31:43 Hand Cart
31:21 Town Watch
31:22 Cavalier
33:50 Blast Furnace
33:43 Chain Mail Armor
35:29 Elite Obuch
37:30 Arson
38:20 Plate Mail Armor
44:04 Light Cavalry
45:12 Winged Hussar
50:07 Lechitic Legacy
xxyvonnederful
12:34 Feudal Age
16:14 Castle Age
14:44 Double-Bit Axe
14:43 Horse Collar
17:19 Wheelbarrow
18:13 Wheelbarrow
17:55 Bow Saw
22:06 Hand Cart
23:11 Heavy Plow
23:13 Gold Mining
23:14 Stone Mining
24:39 Scale Barding Armor
24:45 Forging
28:43 Imperial Age
27:30 Loom
27:31 Town Watch
29:03 Chain Barding Armor
29:19 Iron Casting
29:26 Bloodlines
28:58 Cavalier
31:19 Plate Barding Armor
31:36 Conscription
31:32 Paladin
33:21 Hoardings
35:50 Blast Furnace
36:59 Chemistry
38:44 Ballistics
38:35 Fortified Wall
38:36 Masonry
38:33 Siege Engineers
38:19 Guard Tower
46:23 Crenellations
46:42 Scale Mail Armor
46:32 Fletching
50:51 Pikeman
51:42 Gambesons
55:01 Squires
55:51 Keep
57:52 Halberdier
60:12 Chain Mail Armor
59:54 Bodkin Arrow
61:38 Plate Mail Armor
0204isaias
8:16 Loom
11:17 Feudal Age
11:44 Double-Bit Axe
16:56 Castle Age
15:04 Stone Mining
18:28 Bow Saw
18:11 Gold Mining
20:25 Gold Shaft Mining
24:26 Horse Collar
26:30 Heavy Plow
31:06 Imperial Age
29:08 Scale Mail Armor
29:19 Forging
32:25 Wheelbarrow
31:37 Town Watch
32:57 Conscription
33:53 Fortified Wall
33:55 Masonry
34:50 Hand Cart
36:49 Chemistry
41:47 Architecture
47:40 Chain Mail Armor
47:43 Pikeman
48:09 Gambesons
48:25 Squires
48:12 Arson
49:16 Plate Mail Armor
Adment_Vk
2:17 Loom
11:27 Feudal Age
12:46 Double-Bit Axe
18:23 Castle Age
27:00 Horse Collar
27:32 Bow Saw
28:40 Wheelbarrow
29:57 Hand Cart
33:06 Imperial Age
32:31 Chemistry
33:35 Ballistics
35:30 Two-Man Saw
33:54 Elite Skirmisher
34:01 Pikeman
34:41 Squires
35:39 Heavy Plow
35:32 Halberdier
36:42 Conscription
38:51 Siege Engineers
41:12 Arson
42:29 Forging
42:21 Scale Mail Armor
42:21 Padded Archer Armor
44:07 Hussite Reforms
44:08 Wagenburg Tactics
43:24 Elite Hussite Wagon
43:34 Houfnice
47:33 Iron Casting
47:14 Chain Mail Armor
46:50 Fletching
51:04 Blast Furnace
50:34 Plate Mail Armor
57:24 Leather Archer Armor
57:04 Bodkin Arrow
60:59 Caravan
Joseka
13:24 Feudal Age
17:25 Castle Age
16:04 Double-Bit Axe
16:02 Horse Collar
17:47 Wheelbarrow
22:13 Hand Cart
26:22 Heavy Plow
26:53 Bow Saw
32:41 Imperial Age
30:30 Forging
31:50 Gold Mining
31:24 Pikeman
32:04 Squires
31:50 Light Cavalry
32:40 Bloodlines
34:41 Chemistry
34:26 Halberdier
35:06 Squires
36:31 Two-Man Saw
36:32 Scale Mail Armor
37:56 Iron Casting
37:38 Chain Mail Armor
37:10 Elite Skirmisher
39:06 Hoardings
38:48 Fortified Wall
43:01 Blast Furnace
47:58 Plate Mail Armor
47:21 Fletching
Connection lost

Rejoining the realm…

Still unreachable

The connection could not be restored.

Session expired

The server has moved on; the page needs a fresh start.